General information
- name: BNet
- type: Ladder team game (AT/RT)
- host: Battle.net
- saver: TheDustStorm
map: Mur'gulOasis
- players: 8
- length: 48:25
- speed: Fast
- version: 1.26 W3XP
- replay type: Public
» download(324 KB)
Players
team 1 (loser)

»
m[a]ster.xxDl (
orange | 126 APM | 3594 actions | 28:29)
6 Paladin
3 Holy Light
1 Devotion Aura
1 Divine Shield
1 Resurrection
» actions
| Assign group hotkey | 192 | |
| Basic commands | 175 | |
| Build / train | 111 | |
| Enter build submenu | 57 | |
| Enter hero's abilities submenu | 6 | |
| Remove unit from queue | 18 | |
| Right click | 2156 | |
| Select / deselect | 563 | |
| Select group hotkey | 213 | |
| Use ability | 102 | |
3594 total
» units
| Peasant | 17 | |
| Footman | 11 | |
| Spell Breaker | 2 | |
| Knight | 15 | |
45 total
» upgrades
| Defend | 1 | |
| Swords | 3 | |
| Plating | 2 | |
| Magic Sentry | 1 | |
| Animal War Training | 1 | |
8 total
» buildings
| Altar of Kings | 1 | |
| Farm | 9 | |
| Barracks | 3 | |
| Blacksmith | 1 | |
| Lumber Mill | 1 | |
| Keep | 3 | |
| Arcane Vault | 1 | |
| Castle | 2 | |
| Arcane Sanctum | 2 | |
| Scout Tower | 5 | |
| Town Hall | 2 | |
30 total
» build order
00:32 Altar of Kings
00:37 Farm
01:21 Barracks
01:35 Barracks
01:53 Farm
02:15 Blacksmith
05:21 Farm
05:23 Farm
05:52 Barracks
05:55 Lumber Mill
06:30 Keep
06:31 Keep
08:05 Arcane Vault
09:58 Castle
10:27 Arcane Sanctum
10:32 Arcane Sanctum
11:49 Farm
13:48 Scout Tower
13:52 Scout Tower
15:30 Scout Tower
17:03 Scout Tower
18:59 Town Hall
19:37 Farm
20:14 Town Hall
20:28 Scout Tower
20:40 Farm
23:35 Farm
23:57 Farm
» items
| Scroll of Regeneration | 2 | |
| Lesser Clarity Potion | 2 | |
| Scroll of Town Portal | 3 | |
| Potion of Healing | 1 | |
| Ivory Tower | 8 | |
16 total
sexter69 (
green | 64 APM | 2184 actions | 33:53)
5 Archmage
3 Summon Water Elemental
2 Brilliance Aura
7 Paladin
3 Holy Light
2 Divine Shield
2 Devotion Aura
» actions
| Assign group hotkey | 9 | |
| Basic commands | 229 | |
| Build / train | 90 | |
| Enter build submenu | 22 | |
| Enter hero's abilities submenu | 12 | |
| Remove unit from queue | 1 | |
| Right click | 850 | |
| Select / deselect | 783 | |
| Select group hotkey | 30 | |
| Use ability | 158 | |
2184 total
» units
| Peasant | 16 | |
| Mortar Team | 14 | |
| Sorceress | 7 | |
| Spell Breaker | 4 | |
| Priest | 3 | |
44 total
» upgrades
| Lumber Harvesting | 1 | |
| Sorceress Training | 2 | |
| Fragmentation Shards | 1 | |
| Gunpowder | 2 | |
| Masonry | 2 | |
| Flare | 1 | |
| Control Magic | 1 | |
| Armor | 1 | |
| Priest Training | 2 | |
13 total
» buildings
| Lumber Mill | 1 | |
| Farm | 11 | |
| Scout Tower | 7 | |
| Guard Tower | 5 | |
| Altar of Kings | 1 | |
| Keep | 1 | |
| Castle | 1 | |
| Blacksmith | 1 | |
| Arcane Sanctum | 2 | |
| Workshop | 1 | |
| Arcane Vault | 1 | |
32 total
» build order
00:22 Lumber Mill
00:36 Farm
01:27 Scout Tower
01:30 Scout Tower
01:56 Guard Tower
02:01 Scout Tower
02:02 Guard Tower
02:06 Scout Tower
02:14 Farm
02:52 Scout Tower
02:56 Altar of Kings
03:05 Keep
03:16 Farm
03:18 Guard Tower
03:20 Scout Tower
03:49 Guard Tower
04:52 Scout Tower
05:20 Guard Tower
06:37 Castle
06:40 Blacksmith
07:07 Arcane Sanctum
07:55 Workshop
08:12 Farm
08:13 Farm
08:14 Farm
08:27 Arcane Vault
09:20 Arcane Sanctum
09:58 Farm
09:59 Farm
11:41 Farm
12:21 Farm
12:21 Farm
» items
| Potion of Healing | 1 | |
| Potion of Mana | 1 | |
| Scroll of Town Portal | 8 | |
| Scroll of Regeneration | 1 | |
11 total
TRAIN-WRECK-GIR (
blue | 55 APM | 2653 actions | 48:25)
8 Archmage
3 Summon Water Elemental
3 Brilliance Aura
1 Mass Teleport
1 Blizzard
3 Mountain King
2 Storm Bolt
1 Bash
» actions
| Assign group hotkey | 112 | |
| Basic commands | 30 | |
| Build / train | 73 | |
| Enter build submenu | 29 | |
| Enter hero's abilities submenu | 11 | |
| Give item / drop item | 7 | |
| Right click | 1163 | |
| Select / deselect | 253 | |
| Select group hotkey | 820 | |
| Use ability | 155 | |
2653 total
» units
» upgrades
| Masonry | 3 | |
| Lumber Harvesting | 2 | |
| Swords | 2 | |
| Animal War Training | 1 | |
| Storm Hammers | 1 | |
| Armor | 2 | |
| Cloud | 1 | |
12 total
» buildings
| Altar of Kings | 1 | |
| Farm | 13 | |
| Scout Tower | 36 | |
| Arcane Tower | 1 | |
| Lumber Mill | 1 | |
| Keep | 1 | |
| Arcane Vault | 1 | |
| Guard Tower | 16 | |
| Blacksmith | 1 | |
| Castle | 1 | |
| Gryphon Aviary | 4 | |
| Barracks | 1 | |
| Town Hall | 2 | |
79 total
» build order
00:08 Altar of Kings
00:25 Farm
00:55 Scout Tower
01:13 Farm
01:25 Arcane Tower
01:48 Lumber Mill
02:31 Keep
02:54 Scout Tower
02:55 Scout Tower
03:20 Arcane Vault
03:32 Guard Tower
03:37 Farm
03:50 Guard Tower
03:54 Scout Tower
03:54 Scout Tower
03:55 Scout Tower
03:56 Scout Tower
04:27 Blacksmith
04:41 Guard Tower
05:28 Castle
05:34 Gryphon Aviary
06:09 Guard Tower
06:37 Gryphon Aviary
06:46 Barracks
06:52 Farm
06:54 Farm
06:54 Farm
06:55 Farm
06:56 Farm
06:57 Farm
07:55 Gryphon Aviary
10:25 Scout Tower
10:25 Scout Tower
10:28 Scout Tower
10:30 Scout Tower
10:31 Scout Tower
11:24 Guard Tower
11:50 Guard Tower
11:59 Guard Tower
11:59 Guard Tower
12:05 Scout Tower
12:06 Scout Tower
12:55 Guard Tower
14:55 Scout Tower
14:55 Scout Tower
14:56 Scout Tower
14:57 Scout Tower
16:11 Guard Tower
16:20 Farm
16:20 Farm
16:21 Farm
16:21 Farm
17:10 Guard Tower
17:21 Scout Tower
17:21 Scout Tower
17:22 Scout Tower
17:22 Scout Tower
17:22 Scout Tower
18:18 Guard Tower
19:19 Guard Tower
19:48 Gryphon Aviary
21:41 Scout Tower
21:41 Scout Tower
21:41 Scout Tower
21:42 Scout Tower
21:42 Scout Tower
22:24 Guard Tower
27:17 Town Hall
27:19 Scout Tower
27:20 Scout Tower
27:20 Scout Tower
27:21 Scout Tower
27:59 Guard Tower
28:03 Scout Tower
28:03 Scout Tower
28:04 Scout Tower
28:51 Guard Tower
33:18 Town Hall
» items
| Scroll of Regeneration | 4 | |
| Lesser Clarity Potion | 2 | |
| Scroll of Town Portal | 3 | |
| Potion of Healing | 1 | |
| Potion of Lesser Invulnerability | 1 | |
| Staff of Teleportation | 2 | |
13 total
chimmychangas (
teal | 37 APM | 1059 actions | 28:37)
3 Mountain King
2 Storm Bolt
1 Thunder Clap
» actions
| Basic commands | 7 | |
| Build / train | 73 | |
| Enter build submenu | 30 | |
| Enter hero's abilities submenu | 4 | |
| Remove unit from queue | 6 | |
| Right click | 607 | |
| Select / deselect | 268 | |
| Use ability | 64 | |
1059 total
» units
» upgrades
» buildings
| Altar of Kings | 3 | |
| Barracks | 4 | |
| Farm | 14 | |
| Lumber Mill | 2 | |
| Blacksmith | 1 | |
| Arcane Vault | 1 | |
| Keep | 1 | |
| Scout Tower | 6 | |
| Guard Tower | 4 | |
| Arcane Tower | 4 | |
| Arcane Sanctum | 1 | |
| Castle | 3 | |
| Town Hall | 2 | |
46 total
» build order
00:07 Altar of Kings
00:12 Barracks
00:16 Farm
00:51 Farm
01:38 Lumber Mill
03:10 Farm
03:12 Farm
03:19 Farm
03:23 Blacksmith
03:31 Arcane Vault
05:14 Keep
08:00 Barracks
08:02 Barracks
10:25 Barracks
11:55 Farm
11:56 Farm
11:57 Farm
11:59 Farm
12:03 Scout Tower
12:05 Scout Tower
12:09 Scout Tower
12:11 Scout Tower
12:17 Farm
12:40 Guard Tower
12:42 Arcane Tower
12:49 Scout Tower
13:15 Guard Tower
13:18 Arcane Sanctum
13:28 Lumber Mill
13:44 Arcane Tower
13:45 Arcane Tower
13:57 Arcane Tower
14:01 Farm
14:05 Scout Tower
14:18 Farm
15:05 Guard Tower
15:17 Farm
15:19 Farm
16:45 Castle
16:45 Castle
16:45 Castle
17:38 Town Hall
19:58 Altar of Kings
20:58 Town Hall
21:20 Altar of Kings
» items
team 2 (winner)

»
GayandIovinit (
red | 59 APM | 2701 actions | 45:43)
6 Keeper of the Grove
2 Entangling Roots
3 Force of Nature
1 Tranquility
4 Priestess of the Moon
2 Trueshot Aura
1 Scout
1 Searing Arrows
» actions
| Assign group hotkey | 31 | |
| Basic commands | 97 | |
| Build / train | 66 | |
| Enter build submenu | 19 | |
| Enter hero's abilities submenu | 10 | |
| Remove unit from queue | 1 | |
| Right click | 1202 | |
| Select / deselect | 537 | |
| Select group hotkey | 631 | |
| Use ability | 107 | |
2701 total
» units
| Wisp | 9 | |
| Archer | 11 | |
| Huntress | 7 | |
| Dryad | 7 | |
| Druid of the Talon | 3 | |
| Mountain Giant | 2 | |
39 total
» upgrades
| Improved Bows | 1 | |
| Hardened Skin | 1 | |
| Marksmanship | 1 | |
| Druid of the Talon Training | 1 | |
| Resistant Skin | 1 | |
| Strength of the Moon | 1 | |
6 total
» buildings
| Altar of Elders | 1 | |
| Moon Well | 7 | |
| Ancient of War | 2 | |
| Hunter's Hall | 1 | |
| Tree of Ages | 2 | |
| Tree of Eternity | 1 | |
| Ancient of Lore | 1 | |
| Ancient of Wonders | 1 | |
| Ancient of Wind | 2 | |
| Tree of Life | 1 | |
19 total
» build order
00:23 Altar of Elders
00:29 Moon Well
00:55 Ancient of War
01:32 Moon Well
02:07 Hunter's Hall
02:35 Ancient of War
03:27 Moon Well
04:32 Tree of Ages
04:32 Tree of Ages
07:33 Tree of Eternity
07:56 Ancient of Lore
08:40 Moon Well
09:33 Moon Well
10:06 Ancient of Wonders
11:41 Ancient of Wind
11:47 Ancient of Wind
17:19 Moon Well
17:21 Moon Well
24:28 Tree of Life
» items
jjamesdk (
yellow | 27 APM | 1306 actions | 48:25)
6 Far Seer
3 Feral Spirit
2 Chain Lighting
1 Earth Quake
5 Dark Ranger
3 Black Arrow
2 Silence
» actions
| Assign group hotkey | 20 | |
| Basic commands | 59 | |
| Build / train | 52 | |
| ESC pressed | 4 | |
| Enter build submenu | 29 | |
| Enter hero's abilities submenu | 11 | |
| Remove unit from queue | 1 | |
| Right click | 700 | |
| Select / deselect | 295 | |
| Select group hotkey | 57 | |
| Use ability | 78 | |
1306 total
» units
» upgrades
| Shaman Training | 2 | |
| Melee Weapons | 2 | |
| Pulverize | 1 | |
5 total
» buildings
| Stronghold | 1 | |
| Altar of Storms | 1 | |
| Orc Burrow | 15 | |
| War Mill | 1 | |
| Fortress | 1 | |
| Spirit Lodge | 1 | |
| Tauren Totem | 1 | |
| Voodoo Lounge | 1 | |
| Great Hall | 4 | |
| Beastiary | 1 | |
27 total
» build order
01:21 Stronghold
01:41 Altar of Storms
01:55 Orc Burrow
02:55 War Mill
03:13 Orc Burrow
03:45 Fortress
04:12 Spirit Lodge
05:26 Orc Burrow
06:37 Tauren Totem
08:53 Orc Burrow
09:23 Orc Burrow
09:35 Voodoo Lounge
10:09 Orc Burrow
11:32 Orc Burrow
13:32 Great Hall
14:52 Beastiary
15:30 Orc Burrow
15:31 Orc Burrow
16:09 Orc Burrow
16:11 Orc Burrow
16:14 Orc Burrow
16:16 Orc Burrow
17:16 Great Hall
18:27 Great Hall
20:16 Orc Burrow
21:49 Orc Burrow
22:24 Great Hall
» items
| Scroll of Town Portal | 2 | |
| Orb of Lightning | 1 | |
| Potion of Mana | 2 | |
| Scroll of Speed | 1 | |
6 total
TheDustStorm (
purple | 98 APM | 4738 actions | 48:25)
10 Archmage
3 Summon Water Elemental
3 Brilliance Aura
1 Mass Teleport
3 Blizzard
» actions
| Assign group hotkey | 101 | |
| Basic commands | 424 | |
| Build / train | 249 | |
| ESC pressed | 4 | |
| Enter build submenu | 63 | |
| Enter hero's abilities submenu | 10 | |
| Give item / drop item | 5 | |
| Right click | 1724 | |
| Select / deselect | 576 | |
| Select group hotkey | 1225 | |
| Use ability | 357 | |
4738 total
» units
| Peasant | 17 | |
| Footman | 10 | |
| Sorceress | 2 | |
| Mortar Team | 15 | |
| Gryphon Rider | 4 | |
| Dragonhawk Rider | 3 | |
| Siege Engine | 6 | |
57 total
» upgrades
| Masonry | 3 | |
| Gunpowder | 3 | |
| Sorceress Training | 2 | |
| Armor | 3 | |
| Flare | 1 | |
| Fragmentation Shards | 1 | |
| Swords | 3 | |
| Lumber Harvesting | 2 | |
| Flying Machine Bombs | 1 | |
| Flak Cannons | 1 | |
| Magic Sentry | 1 | |
| Animal War Training | 1 | |
| Barrage | 1 | |
| Storm Hammers | 1 | |
| Cloud | 1 | |
| Plating | 3 | |
| Priest Training | 2 | |
| Backpack | 1 | |
| Control Magic | 1 | |
| Defend | 1 | |
| Long Rifles | 1 | |
34 total
» buildings
| Altar of Kings | 1 | |
| Barracks | 1 | |
| Farm | 12 | |
| Arcane Vault | 2 | |
| Lumber Mill | 1 | |
| Keep | 4 | |
| Blacksmith | 2 | |
| Arcane Sanctum | 1 | |
| Workshop | 2 | |
| Castle | 3 | |
| Scout Tower | 41 | |
| Guard Tower | 68 | |
| Town Hall | 2 | |
| Gryphon Aviary | 4 | |
144 total
» build order
01:00 Altar of Kings
01:01 Barracks
01:03 Farm
01:11 Farm
01:46 Farm
02:17 Arcane Vault
02:57 Lumber Mill
03:15 Farm
03:49 Keep
03:49 Keep
03:50 Keep
05:41 Blacksmith
05:44 Blacksmith
06:27 Arcane Sanctum
06:59 Workshop
07:16 Workshop
08:03 Farm
08:05 Farm
08:26 Farm
11:09 Castle
11:10 Castle
11:10 Castle
11:48 Farm
14:43 Scout Tower
14:44 Scout Tower
14:44 Scout Tower
14:45 Scout Tower
14:45 Scout Tower
15:13 Guard Tower
15:14 Guard Tower
15:14 Guard Tower
15:15 Guard Tower
15:15 Guard Tower
15:15 Guard Tower
15:15 Guard Tower
15:17 Guard Tower
15:17 Guard Tower
15:17 Guard Tower
16:13 Town Hall
16:15 Scout Tower
16:17 Scout Tower
16:21 Scout Tower
16:24 Scout Tower
16:43 Scout Tower
16:45 Scout Tower
16:45 Guard Tower
16:46 Guard Tower
16:46 Guard Tower
17:17 Guard Tower
17:17 Guard Tower
17:54 Guard Tower
17:54 Guard Tower
18:41 Guard Tower
18:41 Guard Tower
18:42 Guard Tower
19:35 Scout Tower
19:38 Scout Tower
19:41 Scout Tower
19:43 Scout Tower
19:45 Scout Tower
20:24 Guard Tower
20:24 Guard Tower
20:24 Guard Tower
20:28 Arcane Vault
21:22 Scout Tower
21:51 Town Hall
21:52 Scout Tower
21:53 Scout Tower
21:54 Scout Tower
21:55 Scout Tower
21:55 Scout Tower
22:00 Scout Tower
22:01 Scout Tower
22:03 Scout Tower
22:04 Scout Tower
22:05 Scout Tower
22:07 Scout Tower
22:19 Guard Tower
22:19 Guard Tower
22:19 Guard Tower
22:24 Guard Tower
22:24 Guard Tower
22:52 Guard Tower
22:53 Guard Tower
22:53 Guard Tower
23:28 Guard Tower
23:29 Guard Tower
23:41 Guard Tower
24:34 Scout Tower
24:38 Scout Tower
24:41 Scout Tower
24:42 Scout Tower
24:42 Scout Tower
24:46 Guard Tower
24:46 Guard Tower
25:16 Guard Tower
25:16 Guard Tower
27:09 Scout Tower
27:10 Scout Tower
27:11 Scout Tower
27:13 Scout Tower
27:14 Scout Tower
27:16 Scout Tower
27:17 Scout Tower
27:22 Scout Tower
27:53 Guard Tower
27:58 Guard Tower
27:59 Guard Tower
28:09 Guard Tower
28:09 Guard Tower
28:16 Guard Tower
28:16 Guard Tower
28:23 Gryphon Aviary
28:24 Gryphon Aviary
28:30 Gryphon Aviary
28:30 Gryphon Aviary
29:25 Guard Tower
29:25 Guard Tower
30:48 Farm
40:00 Farm
41:02 Farm
41:04 Farm
» items
| Periapt of Vitality | 1 | |
| Staff of Teleportation | 4 | |
| Scroll of Regeneration | 11 | |
| Scroll of Town Portal | 6 | |
| Staff of Sanctuary | 1 | |
| Mechanical Critter | 3 | |
26 total
blow.suck.bang (
pink | 30 APM | 1380 actions | 46:14)
4 Demon Hunter
1 Immolation
2 Mana Burn
1 Evasion
2 Priestess of the Moon
1 Trueshot Aura
1 Searing Arrows
» actions
| Build / train | 54 | |
| Enter build submenu | 31 | |
| Enter hero's abilities submenu | 6 | |
| Give item / drop item | 2 | |
| Remove unit from queue | 7 | |
| Right click | 766 | |
| Select / deselect | 423 | |
| Use ability | 91 | |
1380 total
» units
» upgrades
| Reinforced Hides | 2 | |
| Strength of the Wild | 2 | |
| Druid of the Claw Training | 1 | |
5 total
» buildings
| Altar of Elders | 1 | |
| Moon Well | 7 | |
| Ancient of War | 1 | |
| Hunter's Hall | 1 | |
| Ancient Protector | 6 | |
| Tree of Ages | 3 | |
| Ancient of Lore | 3 | |
| Ancient of Wonders | 1 | |
| Tree of Eternity | 2 | |
| Tree of Life | 6 | |
31 total
» build order
00:09 Altar of Elders
00:11 Moon Well
01:08 Ancient of War
01:30 Moon Well
02:34 Moon Well
03:27 Hunter's Hall
04:45 Ancient Protector
04:47 Tree of Ages
04:47 Tree of Ages
04:48 Tree of Ages
05:43 Ancient Protector
07:58 Ancient of Lore
08:08 Moon Well
08:10 Moon Well
08:15 Ancient Protector
08:23 Ancient of Lore
08:24 Ancient of Lore
09:13 Moon Well
09:16 Ancient of Wonders
10:20 Moon Well
13:18 Tree of Eternity
13:18 Tree of Eternity
17:21 Tree of Life
17:27 Ancient Protector
17:31 Ancient Protector
17:36 Ancient Protector
22:46 Tree of Life
24:53 Tree of Life
25:39 Tree of Life
29:25 Tree of Life
33:54 Tree of Life
» items
| Scroll of Town Portal | 1 | |
| Moonstone | 1 | |
2 total
Chat log
(00:12 / All) TRAIN-WRECK-GIR: sandcastle?
(00:39 / Allies) GayandIovinit: what hero pink
(00:43 / Allies) blow.suck.bang: dh
(00:48 / Allies) GayandIovinit: ill kotg lets rass
(01:24 / Allies) GayandIovinit: 3 out of 4 chances its a hu with sexy peastns
(01:34 / Allies) blow.suck.bang: i prefer peons
(01:44 / Allies) GayandIovinit: peons can burrow
(01:45 / Allies) blow.suck.bang: they bitches
(02:18 / Allies) jjamesdk: anal burrow
(02:19 / Allies) GayandIovinit: lol
(02:23 / All) TRAIN-WRECK-GIR: anybody have a kindle fire hd? thinking of getting it
(02:36 / All) chimmychangas: anyone have a ps4?
(03:00 / Allies) blow.suck.bang: i tank
(03:09 / All) TRAIN-WRECK-GIR: red are u friend's with normajean?
(03:33 / All) GayandIovinit: norma its you?
(03:44 / All) TRAIN-WRECK-GIR: naw but i remember ur name
(04:40 / Allies) GayandIovinit: hero and go back
(04:43 / All) TheDustStorm: Damn I still don't have my custom keys set up
(05:02 / All) TRAIN-WRECK-GIR: demonFA?
(09:01 / Allies) GayandIovinit: take
(09:08 / Allies) blow.suck.bang: ty
(09:44 / Allies) GayandIovinit: lets hit?
(10:08 / Allies) TheDustStorm: Give me a min to get my invisimortars
(10:27 / Allies) GayandIovinit: lets hit pink rass
(11:49 / Allies) jjamesdk: someone got aq?
(11:50 / Allies) jjamesdk: aa?
(12:17 / Allies) blow.suck.bang: DAT WIFI
(12:45 / Allies) GayandIovinit: took u that long to do that?
(12:53 / Allies) GayandIovinit: kind sad
(12:56 / Allies) GayandIovinit: and u wanan get blizz
(13:55 / Allies) jjamesdk: empty
(13:56 / Allies) jjamesdk: grab
(15:36 / Allies) blow.suck.bang: talk about pay attention...
(16:01 / All) TRAIN-WRECK-GIR: mass tp bitches
(16:50 / Allies) blow.suck.bang: awesome
(17:36 / Allies) GayandIovinit: get ready to tp
(20:45 / Allies) blow.suck.bang: fuck it
(21:27 / Allies) blow.suck.bang: NAH
(21:31 / Allies) blow.suck.bang: dont bother
(21:34 / Allies) blow.suck.bang: any1...
(22:03 / Allies) blow.suck.bang: wtf is yellow doing
(22:15 / All) TRAIN-WRECK-GIR: red u nigger
(22:17 / All) TRAIN-WRECK-GIR: try hard
(22:42 / Allies) jjamesdk: ill distract
(22:44 / Allies) jjamesdk: purp
(22:49 / Allies) TheDustStorm: k
(23:06 / Allies) GayandIovinit: comign
(24:07 / Allies) blow.suck.bang: WOOOOOT
(24:35 / Allies) blow.suck.bang: some1 gold me
(26:06 / Allies) TheDustStorm: kill that tower
(27:29 / Allies) GayandIovinit: get main
(28:13 / Allies) GayandIovinit: secure
(28:24 / All) TRAIN-WRECK-GIR: god damn my sister is smoking hot
(28:27 / Allies) blow.suck.bang: fuck it...
(28:45 / Allies) GayandIovinit: just bleed them out
(29:15 / Allies) GayandIovinit: tower it up pruple
(29:32 / All) TRAIN-WRECK-GIR: well u guys won fair and square
(29:37 / All) TRAIN-WRECK-GIR: although
(29:41 / All) TRAIN-WRECK-GIR: yellow and red's timing
(30:00 / Allies) GayandIovinit: tower
(30:28 / All) TRAIN-WRECK-GIR: yellow and red's timing was a little too good to be true
(30:32 / All) TRAIN-WRECK-GIR: i suspect foul play
(30:38 / Allies) TheDustStorm: ty
(30:42 / All) jjamesdk: nope
(30:51 / All) blow.suck.bang: excuses.....alllwayyyyyyyys
(30:53 / All) TRAIN-WRECK-GIR: my expos and creeping in the middle
(30:57 / All) TRAIN-WRECK-GIR: i call foul play
(31:01 / All) TRAIN-WRECK-GIR: somebody is maphack
(31:07 / Allies) jjamesdk: '
(31:09 / Allies) blow.suck.bang: **checking**
(31:15 / Allies) TheDustStorm: Checking?
(31:32 / All) jjamesdk: that's what they all say when they lose
(31:53 / Allies) blow.suck.bang: ty purp
(32:05 / Allies) GayandIovinit: umm
(32:07 / Allies) GayandIovinit: wtf are u doing purple
(32:09 / Allies) blow.suck.bang: yaa
(32:12 / All) TRAIN-WRECK-GIR: hacker down red
(32:24 / Allies) GayandIovinit: lol
(32:26 / All) TheDustStorm: HACKER DOWN
(32:28 / All) TheDustStorm: ihate mhers
(32:33 / Allies) GayandIovinit: ...
(32:35 / Allies) blow.suck.bang: and he belives LOL
(32:49 / Allies) GayandIovinit: lol it was his plan all along to back stab
(32:51 / Allies) GayandIovinit: oh well gg
(32:59 / Allies) GayandIovinit: mh is for noobs
(33:25 / Allies) TheDustStorm: Actually I think I might kill blue
(33:29 / Allies) TheDustStorm: I don't like his attitude
(34:06 / All) TRAIN-WRECK-GIR: nigger allies
(34:52 / Allies) GayandIovinit: no gold
(34:58 / Allies) GayandIovinit: cost 765
(35:37 / All) TRAIN-WRECK-GIR: wtf
(35:37 / Allies) GayandIovinit: what did i do to you...
(35:56 / Allies) blow.suck.bang: lol what did i do
(36:03 / Allies) blow.suck.bang: cool
(36:07 / All) TheDustStorm: It's between me and blue now
(36:14 / Allies) blow.suck.bang: gj
(36:18 / Allies) GayandIovinit: not really
(36:20 / Allies) GayandIovinit: he has other heros
(36:24 / All) TRAIN-WRECK-GIR: a fair statement
(36:52 / Allies) blow.suck.bang: dood has 3.5k gold...
(37:52 / Allies) blow.suck.bang: i like blues mh
(37:56 / All) TRAIN-WRECK-GIR: i still think yellow and/or red was hacking
(38:03 / All) TheDustStorm: Blue is mhing?
(38:08 / Allies) blow.suck.bang: mhm
(38:13 / All) TheDustStorm: What makes you say that?
(38:15 / All) TRAIN-WRECK-GIR: why me? How absurd
(38:16 / All) jjamesdk: wasn't I lucked out when we met in center
(38:30 / All) TRAIN-WRECK-GIR: u fucking creepjacked me
(38:33 / All) TRAIN-WRECK-GIR: i had to kill the item
(38:37 / All) TRAIN-WRECK-GIR: endurance one too
(38:42 / Allies) blow.suck.bang: pretty obvious
(38:52 / All) jjamesdk: we went to creep the same time
(38:52 / Allies) TheDustStorm: Tell me
(38:55 / Allies) TheDustStorm: I want to know your reasons
(38:58 / Allies) TheDustStorm: I always make sure maphackers lose
(39:01 / Allies) TheDustStorm: under any circumstance
(39:03 / All) TRAIN-WRECK-GIR: obviously that isnt true since i crept it first
(39:06 / Allies) blow.suck.bang: when u have nothing and jus watching it obvious4
(39:08 / Allies) TheDustStorm: I am the battle.net maphack policeman
(39:33 / All) jjamesdk: I'm not leaving, lol
(39:38 / Allies) GayandIovinit: is it one of those ironic things where youre actually the mher ?
(39:40 / Allies) TheDustStorm: Tell me
(39:42 / All) TRAIN-WRECK-GIR: what u mean?
(39:44 / All) TRAIN-WRECK-GIR: ur losing
(39:48 / All) TRAIN-WRECK-GIR: i got an expo
(39:56 / All) TRAIN-WRECK-GIR: u have to be out of gold
(40:06 / All) blow.suck.bang: LOL
(40:19 / All) jjamesdk: I am, but I'll just sit here till purps gone if that's how you guys decide to play it out, lol
(40:28 / All) jjamesdk: alt+tab HW
(40:30 / All) TheDustStorm: Listen up
(40:33 / Allies) GayandIovinit: yellow
(40:34 / All) TheDustStorm: Everyone keeps saying someone is a maphacker
(40:37 / Allies) GayandIovinit: are you demon[fa]?
(40:38 / All) TheDustStorm: I am the battle.net maphack policeman
(40:44 / All) TheDustStorm: I kill all maphackers and make them lose
(40:48 / All) TheDustStorm: Who is the maphacker? Tell me
(40:53 / All) TheDustStorm: Tell me your reasons too
(40:54 / All) TRAIN-WRECK-GIR: i have mass tp it isnt hard to scout the entire map
(40:56 / All) TheDustStorm: I need to know who loses
(40:56 / All) jjamesdk: suicide?
(40:57 / Allies) blow.suck.bang: so who said i maphack?!?
(41:00 / All) jjamesdk: lol
(41:06 / All) TheDustStorm: Tell me
(41:08 / Allies) blow.suck.bang: gj
(41:11 / Allies) GayandIovinit: jjamesdk are you demon fa?!?
(41:11 / All) TheDustStorm: Tell me who is maphacking and why
(41:20 / All) TheDustStorm: The first complaint was put against my team
(41:27 / All) TheDustStorm: If it cannot be proved that blue is maphacking then my team shall lose
(41:30 / All) TRAIN-WRECK-GIR: chode= red?
(41:32 / All) jjamesdk: blue's mom maphacks my cock
(41:32 / All) TheDustStorm: So speak up and speak up fast
(41:52 / All) TRAIN-WRECK-GIR: my mom dont even play wc3 fool
(42:10 / All) TheDustStorm: Have none of you any evidence to submit to the court of maphacking?
(42:19 / All) TheDustStorm: If so, then the three of you still on my team shall lose by default.
(42:23 / All) TheDustStorm: Do you understand your rights?
(42:33 / Allies) GayandIovinit: lol sure
(42:40 / Allies) GayandIovinit: its just a game
(42:42 / Allies) GayandIovinit: who cares
(42:44 / All) jjamesdk: make me lose daddy
(42:49 / Allies) TheDustStorm: Is your aka Chode, red?
(42:53 / Allies) GayandIovinit: no
(42:58 / Allies) GayandIovinit: aznpridz
(43:12 / Allies) TheDustStorm: Ah, he sounds familiar in my days of policing battle.net
(43:16 / All) TheDustStorm: No evidence was submitted
(43:23 / All) TheDustStorm: Therefore my team shall lose at the suspection of maphacking
(43:26 / Allies) GayandIovinit: you were terrible policeman then
(43:27 / All) TRAIN-WRECK-GIR: red didnt u play on the Blackrock server on world of warcraft
(43:29 / Allies) GayandIovinit: cuz back then it was full of hackers
(43:32 / Allies) GayandIovinit: drop hackers too
(43:34 / All) jjamesdk: the evidence was in my the gangbang last night with my gf
(43:40 / Allies) TheDustStorm: Yeah and I put as many of them down as I could
(43:42 / All) TheDustStorm: His aka is aznpride
(43:43 / All) GayandIovinit: nah never played wow
(43:45 / All) TRAIN-WRECK-GIR: only thing u banged is anime porn
(43:47 / All) TRAIN-WRECK-GIR: yellow
(43:48 / All) GayandIovinit: played d3
(43:58 / All) TRAIN-WRECK-GIR: d3 sucked,
(44:00 / All) jjamesdk: it's deep in her pussy now
(44:12 / All) jjamesdk: maphacking sperm
(44:35 / All) GayandIovinit: d3 was like d2, just became about farming for items
(44:47 / All) GayandIovinit: good for a few months
(44:58 / All) jjamesdk: and her ass
(44:59 / All) TRAIN-WRECK-GIR: im loving my playstation 2 jrpg's
(45:22 / Allies) GayandIovinit: lol pretty fast
(45:25 / Allies) GayandIovinit: at killing yourself
(45:29 / Allies) TheDustStorm: I'm experienced
(45:32 / Allies) blow.suck.bang: experance
(45:38 / Allies) GayandIovinit: gg
(45:40 / Allies) GayandIovinit: lata
(45:40 / Allies) TheDustStorm: As I say, I am the Battle.net policeman
(45:46 / Allies) TheDustStorm: Sometimes extreme measures must be taken
(45:56 / Allies) blow.suck.bang: lol belive randomppl on the internet
(46:01 / Allies) blow.suck.bang: Cong
(46:28 / All) TheDustStorm: I think this is the last building
(46:39 / All) TheDustStorm: Yellow, you and the rest of my time have been tried for maphacking.
(46:47 / All) TheDustStorm: Any last words to say for yourself before the court?
(46:53 / All) TheDustStorm: Or shall your head finally be offed?
(47:15 / All) TheDustStorm: I know am to let you know that I am a maphacker, as I must use evil to fight evil, but I wish to know your case.
(47:18 / All) TheDustStorm: It is only fair.
(47:20 / All) TRAIN-WRECK-GIR: god damn i won this game
(47:23 / All) TRAIN-WRECK-GIR: cant believe it
(47:26 / All) TRAIN-WRECK-GIR: guess im not rusty
(47:32 / All) TRAIN-WRECK-GIR: or u guys really do suck
(48:05 / All) TRAIN-WRECK-GIR: weeeeeeeeee
(48:08 / All) TheDustStorm: No case has been expressed.
(48:21 / All) TheDustStorm: Therefore you are to be sentenced to a LOSS! Good day, from your friendly Battle.net policeman.